 Dungeon Crawl Stone Soup version 0.31-a0-1308-ga3cce3a448 (webtiles) character file.

Game seed: 8398442197891096719

2864 Fodor the Cleaver (level 9, -6/77 (79) HPs)
             Began as a Minotaur Fighter on Dec 19, 2023.
             Was an Initiate of Gozag.
             Mangled by an unseen horror (8 damage)
             ... on level 7 of the Dungeon.
             The game lasted 00:18:50 (4757 turns).

Fodor the Cleaver (Minotaur Fighter)                Turns: 4757, Time: 00:18:50

HP:   -6/77 (79)    AC: 17    Str: 25    XL:     9   Next: 47%
MP:   8/8           EV:  7    Int:  5    God:    Gozag
Gold: 558           SH:  0    Dex: 10    Spells: 8/8 levels left

rFire   . . .        a - +0 war axe
rCold   . . .        j - orb {mayhem}
rNeg    . . .        p - +0 plate armour
rPois   .            (helmet restricted)
rElec   .            (no cloak)
rCorr   .            w - +2 pair of gloves
SInv    .            (no boots)
Will    .....        (no amulet) Stlth
                     (no ring)
HPRegen 0.32/turn    (no ring)
MPRegen 0.11/turn

%: mayhem
@: lightly drained
A: horns 2, retaliatory headbutt
a: Renounce Religion, Potion Petition, Call Merchant, Bribe Branch


You were on level 7 of the Dungeon.
You worshipped Gozag.
Gozag was pleased with you.
You visited 2 branches of the dungeon, and saw 8 of its levels.

You collected 642 gold pieces.
You paid 84 gold pieces to Gozag.

Inventory:

Hand Weapons
 a - a +0 war axe (weapon)
 z - a +1 heavy long sword
Missiles
 b - 3 boomerangs
 q - 4 throwing nets
Armour
 c - a +0 buckler
 j - an orb of mayhem (worn)
 p - a +0 plate armour (worn)
 w - a +2 pair of gloves (worn)
Jewellery
 h - a ring of poison resistance
 s - a ring of willpower
Scrolls
 f - 2 scrolls of teleportation {unknown}
 k - 2 scrolls of silence {unknown}
 n - 6 scrolls of identify {unknown}
 o - a scroll of blinking {unknown}
 r - a scroll of torment {unknown}
 t - 2 scrolls of immolation {unknown}
 x - a scroll of enchant weapon {unknown}
 y - a scroll of summoning {unknown}
Potions
 d - a potion of might
 e - a potion of mutation {unknown}
 g - a potion of berserk rage {unknown}
 i - 6 potions of curing {unknown}
 l - a potion of attraction {unknown}
 m - 2 potions of heal wounds {unknown}
 u - a potion of ambrosia {unknown}
 v - a potion of haste {unknown}


   Skills:
 + Level 7.4 Fighting
 + Level 11.0 Axes
 + Level 9.4 Armour
 + Level 1.2 Dodging
 + Level 1.5 Stealth
 + Level 4.4 Shields


You had 8 spell levels left.
You didn't know any spells.
Your spell library contained the following spells:

 Spells                   Type           Power      Damage    Failure   Level
 Ignite Poison            Fire/Tmut/Pois 0%         N/A       100%        3
 Inner Flame              Hex/Fire       0%         N/A       100%        3
 Sticky Flame             Conj/Fire      0%         2d3       100%        4
 Yara's Violent Unravell  Hex/Tmut       0%         3d3       100%        5
 Enfeeble                 Hex            0%         N/A       100%        7
 Haunt                    Necr/Summ      0%         N/A       100%        7
 Ignition                 Fire           0%         3d3       100%        8
 Infestation              Necr           0%         N/A       100%        8
 Animate Dead             Necr           Unusable   N/A       N/A         4

Dungeon Overview and Level Annotations

Branches:
Dungeon (8/15)             Temple (1/1) D:4
   Lair: D:8-11

Altars:
Cheibriados
Dithmenos
Gozag
Hepliaklqana
Kikubaaqudgha
Makhleb
Nemelex Xobeh
Okawaru
Qazlal
Ru
Sif Muna
Uskayaw
Vehumet
Xom
Zin
The Shining One

Shops:
D:5 (


Innate Abilities, Weirdness & Mutations

You have a pair of horns on your head.
You reflexively headbutt those who attack you in melee.


Message History

Things that are here:
a +1 heavy long sword; a +0 chain mail
y - a scroll labelled YCODWAOMUE You start resting.
Something hits you but does no damage.
Deactivating autopickup; reactivate with Ctrl-A.
You hit something. Your headbutt misses something.
Something hits you but does no damage. x2
Something hits you but does no damage. Something hits you but does no damage.
Something hits you but does no damage. Something hits you but does no damage.
You slash something! Something hits you but does no damage. Something hits you.
Something hits you but does no damage. Something hits you but does no damage.
Something hits you but does no damage. Something hits you. Something hits you!
You slash something! Something hits you.
* * * LOW HITPOINT WARNING * * *
You hit something. Something hits you but does no damage.
Something hits you but does no damage. Something hits you but does no damage.
Things that are here:
a +1 heavy long sword; a +0 chain mail Something hits you but does no damage. x2
Things that are here:
a +1 heavy long sword; a +0 chain mail
z - a +1 heavy long sword Something hits you but does no damage.
Something hits you!
* * * LOW HITPOINT WARNING * * *
Something hits you.
* * * LOW HITPOINT WARNING * * *
Something hits you!
* * * LOW HITPOINT WARNING * * *
Something hits you but does no damage.
You see here a wand of charming (12).
Something hits you!
You die...
Your body crumbles into a pile of gold.

# #.<...#
#.#.....#
#.#.....##
....<...#
#......#
#......#.#
#......#.#
#...>..#.# #
#....@.#.#
.####.#).)./.#.#
.........)...#.#
..########..$..#
#.....# #...[.#
#.....# #..[..#
#.........


There were no monsters in sight!

Vanquished Creatures
  Pikel (D:5)
  Sigmund (D:2)
  Eustachio (D:5)
  A sky beast (D:4)
  An orc warrior (D:8)
  2 centaurs
  A gnoll sergeant (D:3)
  A necrophage (D:4)
  A water moccasin zombie (D:4)
  4 wights (D:7)
  2 water moccasin skeletons (D:4)
  10 howler monkeys
  3 hounds
  4 orc priests
  An iguana (D:5)
  4 orc wizards
  A sleepcap (D:8)
  3 scorpion zombies (D:4)
  A hound zombie (D:4)
  3 hound skeletons (D:4)
  A howler monkey zombie (D:4)
  17 gnolls
  4 adders
  2 adder skeletons (D:4)
  2 adder zombies (D:4)
  2 dart slugs (D:1)
  32 orcs
  5 endoplasms
  2 giant cockroaches (D:1)
  9 goblins
  2 hobgoblins
  13 jackals
  4 kobolds
  3 quokkas
  8 ball pythons
  5 bats
  2 frilled lizards
  2 rats
161 creatures vanquished.

Vanquished Creatures (collateral kills)
  A centaur zombie (D:4)
  3 gnolls (D:3)
  A worm (D:2)
  A dart slug (D:2)
  3 orcs (D:3)
  A bat (D:2)
  3 jackals (D:3)
  2 quokkas
  A kobold (D:2)
  A rat (D:3)
17 creatures vanquished.

Vanquished Creatures (others)
  2 jellies
  A gnoll (D:3)
  2 orcs
  A quokka (D:4)
6 creatures vanquished.

Grand Total: 184 creatures vanquished

Notes
Turn   | Place    | Note
-------+----------+-------------------------------------------
     0 | D:1      | Fodor the Minotaur Fighter began the quest for the Orb.
     0 | D:1      | Reached XP level 1. HP: 19/19 MP: 0/0
   109 | D:1      | Reached XP level 2. HP: 22/27 MP: 1/1
   659 | D:1      | Reached XP level 3. HP: 25/33 MP: 2/2
   997 | D:2      | Noticed Sigmund
  1010 | D:2      | Reached skill level 3 in Axes
  1019 | D:2      | Killed Sigmund
  1020 | D:2      | Reached skill level 4 in Axes
  1020 | D:2      | Reached skill level 5 in Armour
  1020 | D:2      | Reached XP level 4. HP: 12/41 MP: 3/3
  1020 | D:2      | Reached XP level 5. HP: 13/47 MP: 4/4
  1593 | D:3      | Reached XP level 6. HP: 48/53 MP: 5/5
  1616 | D:3      | Reached skill level 1 in Dodging
  1781 | D:3      | Reached skill level 5 in Axes
  1967 | D:3      | Reached skill level 5 in Fighting
  1985 | D:3      | Reached XP level 7. HP: 14/61 MP: 6/6
  1988 | D:3      | HP: 2/61 [gnoll/+0 spear (7)]
  1990 | D:3      | Reached skill level 6 in Axes
  2291 | D:3      | Reached skill level 7 in Axes
  2563 | D:3      | Found an ancient bone altar of Kikubaaqudgha.
  2706 | D:3      | Identified the +7 dagger of Mandamus {flame, rF+ Stlth+}
  3070 | D:4      | Reached XP level 8. HP: 63/70 MP: 7/7
  3080 | D:4      | Reached skill level 8 in Axes
  3192 | D:4      | Found a staircase to the Ecumenical Temple.
  3210 | Temple   | Entered the Ecumenical Temple
  3250 | Temple   | Became a worshipper of Gozag Ym Sagoz the Greedy
  3484 | D:4      | Found a burning altar of Makhleb.
  3562 | D:5      | Entered Level 5 of the Dungeon
  3568 | D:5      | Reached skill level 9 in Axes
  3575 | D:5      | Found a radiant altar of Vehumet.
  3580 | D:5      | Noticed Eustachio
  3596 | D:5      | Killed Eustachio
  3640 | D:5      | Found Hoshupt's Antique Weapon Shoppe.
  3751 | D:5      | Noticed Pikel
  3774 | D:5      | Killed Pikel
  3775 | D:5      | Reached skill level 10 in Axes
  3790 | D:5      | Reached XP level 9. HP: 64/78 MP: 8/8
  3833 | D:5      | Found a stormy altar of Qazlal.
  3893 | D:5      | You fall into a shaft and drop 3 floors!
  4310 | D:8      | Reached skill level 1 in Stealth
  4675 | D:7      | Reached skill level 11 in Axes
  4755 | D:7      | HP: 2/77 [something (8)]
  4757 | D:7      | Mangled by an unseen horror

Illustrated notes

Levels and vault maps discovered:
D:1:      dpeg_arrival_orchard, layout_loops_ring, grunt_decor_clamped
D:2:      layout_basic, uniq_sigmund
D:3:      lemuel_castle_with_subvaults [lemuel_castle_interior_carwin_2],
          layout_loops_ring, kiku_gazebo_pond_becter,
          chequers_serial_rivers_micro_d
D:4:      layout_rooms, makhleb_blood_cavern_becter, temple_pool_b,
          serial_undead, serial_undead_f, serial_undead_c, serial_undead_c,
          serial_undead_b, serial_undead_c, serial_undead_a, serial_undead_a,
          serial_undead_f, serial_undead_e, serial_undead_d, chequers_arboretum
D:5:      layout_loops_ring, vehumet_crystals, grunt_qazlal_sundering,
          mainiacjoe_ossuary_entry_dusty_tomb, hangedman_glass_teeth,
          hangedman_decor_diamond_cutter, nicolae_stop_n_shop_2, uniq_edmund,
          uniq_eustachio, uniq_pikel
D:7:      layout_basic
D:8:      layout_loops_corners, ebering_ghost_rock_garden
Temple:   nicolae_temple_slightly_damp_pantheon

Skill      XL: |  1  2  3  4  5  6  7  8  9 |
---------------+----------------------------+-----
Armour         | 4 5 6 8 9 |  9.4
Shields        | 4 |  4.4
Fighting       | 4 5 6 7 |  7.4
Axes           | 4 5 7 10 11 | 11.0
Dodging        | 1 |  1.2
Stealth        | 1 |  1.5

Action                     |  1- 3 |  4- 6 |  7- 9 || total
---------------------------+-------+-------+-------++-------
  Melee: War axe           |    65 |   100 |   315 ||   480
         Headbutt          |    12 |    17 |    55 ||    84
   Stab: Distracted        |       |     1 |     4 ||     5
 Armour: Scale mail        |    56 |    20 |       ||    76
         Plate armour      |       |    94 |   355 ||   449
  Dodge: Dodged            |    28 |    61 |   124 ||   213
  Block: Buckler           |     8 |       |       ||     8

Table legend: (Time is in decaauts)
 A = Elapsed time spent in this place.
 B = Non-inter-level travel time spent in this place.
 C = Inter-level travel time spent in this place.
 D = Time resting spent in this place.
 E = Time spent auto-exploring this place.
 F = Levels seen in this place.
 G = Mean time per level.
                   A        B        C        D        E       F      G
               +--------+--------+--------+--------+--------+-----+--------+
         Total |   4857 |   4774 |     83 |    804 |      0 |   8 |  607.1 |
       Dungeon |   4790 |   4707 |     83 |    804 |      0 |   7 |  684.3 |
        Temple |     67 |     67 |      0 |      0 |      0 |   1 |   67.0 |
               +--------+--------+--------+--------+--------+-----+--------+

Top non-repeatable levels by time:
     D:3: 1496 daAuts
     D:2: 805 daAuts
     D:1: 795 daAuts
     D:8: 714 daAuts
     D:4: 500 daAuts
     D:5: 332 daAuts
     D:7: 146 daAuts
  Temple: 67 daAuts
